AoeStats
← Blanc

Arena

509939092Analyzed
4v4 RM · 3d ago on Sep 28, 2026· 46m 42s· 8 players
Game mode
Random Map
Map size
Large (8 player)
Population
200
Speed
Normal
Resources
Standard
Victory
Conquest
Starting age
Dark Age
Ending age
Imperial Age
RankedLock teamsTeams togetherTeam positionsShared explorationLock speedFull tech treeHidden civsTurbo modeCheats
Victory
Defeat
🇩🇪 Bohemians · Germany
1298
+37
🇨🇳 Huns · China
1291
+16
🇨🇳 Persians · China
1279
+17
🇨🇳 Celts · China
1257
+18
🇪🇸 Turks · Spain
1317
-18
🇧🇬 Danes · Bulgaria
1304
-17
🇧🇬 Varangians · Bulgaria
1286
-16
🇺🇸 Magyars · United States
1283
-16
TWEISTROR
10:06 Feudal Age
13:57 Castle Age
12:36 Horse Collar
13:27 Double-Bit Axe
17:42 Wheelbarrow
19:45 Bow Saw
22:39 Fletching
23:25 Bodkin Arrow
23:20 Elite Skirmisher
24:34 Loom
26:30 Ballistics
31:11 Imperial Age
32:08 Chemistry
31:53 Squires
32:00 Bracer
31:25 Pikeman
33:19 Conscription
32:31 Halberdier
33:47 Scale Mail Armor
33:58 Forging
34:20 Masonry
34:58 Heavy Plow
37:13 Houfnice
39:44 Two-Man Saw
39:17 Siege Engineers
39:37 Hand Cart
39:08 Town Watch
41:56 Iron Casting
41:36 Chain Mail Armor
41:22 Padded Archer Armor
41:58 Architecture
41:53 Wagenburg Tactics
42:47 Arson
很蓝的啦
9:48 Feudal Age
12:21 Double-Bit Axe
14:55 Castle Age
12:46 Horse Collar
13:52 Gold Mining
16:13 Bow Saw
16:25 Stone Mining
17:51 Wheelbarrow
21:02 Loom
22:38 Heavy Plow
24:31 Gold Shaft Mining
24:24 Town Watch
24:39 Fletching
24:49 Padded Archer Armor
29:18 Imperial Age
26:49 Bodkin Arrow
27:08 Thumb Ring
28:01 Husbandry
27:21 Light Cavalry
28:46 Bloodlines
30:28 Hand Cart
30:19 Bracer
31:38 Two-Man Saw
31:07 Leather Archer Armor
31:49 Conscription
31:58 Ballistics
32:38 Chemistry
31:41 Hussar
32:44 Atheism
32:46 Marauders
33:13 Atheism
33:29 Parthian Tactics
32:46 Elite Tarkan
32:59 Heavy Cavalry Archer
34:42 Atheism
35:30 Scale Barding Armor
35:35 Forging
37:21 Chain Barding Armor
37:11 Forging
37:54 Elite Tarkan
38:40 Marauders
38:12 Sappers
43:31 Plate Barding Armor
43:31 Iron Casting
47:02 Blast Furnace
大理段正纯
10:13 Feudal Age
16:05 Castle Age
14:14 Double-Bit Axe
16:31 Wheelbarrow
15:53 Gold Mining
15:49 Horse Collar
20:14 Scale Mail Armor
23:10 Forging
26:31 Chain Mail Armor
26:52 Iron Casting
30:45 Hand Cart
41:50 Imperial Age
42:08 Onager
43:47 Gold Shaft Mining
44:43 Siege Onager
一一
10:53 Feudal Age
11:53 Double-Bit Axe
14:30 Castle Age
13:05 Double-Bit Axe
16:28 Wheelbarrow
18:29 Bow Saw
19:17 Horse Collar
23:21 Hand Cart
23:29 Gold Mining
25:05 Gold Shaft Mining
25:00 Stone Mining
26:35 Stone Shaft Mining
29:41 Imperial Age
27:02 Town Watch
27:58 Loom
29:50 Scale Barding Armor
29:56 Forging
30:07 Husbandry
30:20 Bloodlines
31:22 Two-Man Saw
30:25 Heavy Plow
30:04 Cavalier
31:11 Chain Barding Armor
32:54 Hoardings
33:15 Plate Barding Armor
33:17 Iron Casting
32:12 Savar
33:40 Guilds
35:44 Blast Furnace
36:10 Conscription
Draginosaur
11:17 Feudal Age
15:00 Castle Age
13:20 Double-Bit Axe
14:17 Horse Collar
16:17 Bow Saw
21:53 Heavy Plow
23:36 Wheelbarrow
22:46 Town Watch
22:48 Loom
28:11 Imperial Age
26:05 Gold Mining
26:42 Corvinian Army
26:45 Corvinian Army
26:55 Scale Barding Armor
27:55 Chain Barding Armor
27:48 Bloodlines
27:38 Husbandry
29:16 Ballistics
29:44 Plate Barding Armor
28:46 Elite Magyar Huszar
30:00 Conscription
31:00 Heavy Scorpion
32:43 Chemistry
32:34 Town Patrol
32:49 Hand Cart
33:43 Fletching
36:22 Recurve Bow
36:59 Thumb Ring
37:19 Parthian Tactics
37:08 Bodkin Arrow
38:07 Bracer
39:23 Murder Holes
ThE MaTiO
11:29 Feudal Age
16:01 Castle Age
14:21 Double-Bit Axe
14:55 Horse Collar
17:03 Bow Saw
19:46 Wheelbarrow
18:57 Town Watch
18:57 Loom
20:46 Heavy Plow
22:34 Hand Cart
32:18 Imperial Age
38:32 Bloodlines
38:23 Husbandry
37:43 Light Cavalry
40:23 Two-Man Saw
39:55 Crop Rotation
Petit_Pois
11:50 Feudal Age
15:36 Castle Age
13:56 Double-Bit Axe
21:32 Imperial Age
19:34 Gold Mining
27:26 Scale Barding Armor
33:35 Horse Collar
39:20 Loom
Blanc
10:24 Feudal Age
12:08 Double-Bit Axe
14:41 Castle Age
12:46 Horse Collar
15:58 Bow Saw
16:50 Heavy Plow
19:48 Arson
21:02 Forging
26:56 Wheelbarrow
27:16 Scale Mail Armor
27:11 Gold Mining
28:38 Chain Mail Armor
29:10 Squires
29:51 Gold Shaft Mining
29:06 Stone Mining
30:01 Loom
30:01 Town Watch
34:23 Imperial Age
32:11 Hand Cart
33:45 Ballistics
36:51 Chemistry
36:53 Conscription
36:42 Murder Holes
36:12 Heavy Scorpion
37:45 Conscription
37:21 Onager
39:37 Siege Onager
40:37 Masonry
41:18 Siege Engineers
40:53 Northmen's Fury
Connection lost

Rejoining the realm…

Still unreachable

The connection could not be restored.

Session expired

The server has moved on; the page needs a fresh start.